 BcadrenCrawl: Boulder Brew version 0.03.2.1-32-g00f802a9a0 (webtiles) character file.

Game seed: 14224582061451193067, levelgen mode: deterministic

4793240 esc the Goblin Arbalest (level 27, 211/211 HPs) Goblin Noble. Began on Jan 21, 2021. Was the Champion of Cheibriados. Escaped with the Orb ... and 4 runes! The game lasted 01:57:44 (25259 turns).

esc the Goblin Arbalest (Goblin Noble)             Turns: 25259, Time: 01:57:45

Health: 211/211    AC: 56    Str: 26      XL:     27
Magic:  31/31      EV: 24    Int: 26      God:    Cheibriados [6* [197]]
Gold:   6266       SH:  0    Dex: 31 (32) Spells: 28/28 levels left

rFire    . . .     Vision   +   c - +9 triple crossbow (molten)
rCold    . . .     Gourm    .   (also wielding the above weapon)
rNeg     . . .     Faith    .   y - +15 Maxwell's patent armour {-Cast -Tele rElec MR+ rCorr}
rPois    .         Spirit   .   O - +2 helmet {+Vis}
rElec    +         Reflect  .   l - +2 cloak {soft}
rCorr    +         Harm     .   e - +2 pair of gloves {archery}
MR       ++...     NoTele   +   E - +2 pair of boots {Stlth+} Stlth +++.......NoCast +
                                B - amulet of the acrobat
HPRegen  0.80/turn              Q - ring of evasion
MPRegen  0.41/turn              m - ring of protection

@: lightly drained, very slow
A: small, stagnant stats, goblin's greed, low mp 1, mutation resistance 1, god's
pity 2
0: Orb of Zot
}: 4/15 runes: decaying, silver, abyssal, gossamer
a: Bend Time, Temporal Distortion, Slouch, Step From Time, Renounce Religion


You escaped.
You worshipped Cheibriados.
Cheibriados was exalted by your worship.
You were not hungry.

You visited 9 branches of the dungeon, and saw 40 of its levels.
You visited the Abyss 1 time.
You also visited: Ice Cave and Market.

You collected 5406 gold pieces.
You spent 1224 gold pieces at shops.

Inventory:

Weapons
 c - a +9 triple crossbow of molten steel (weapon)
Armour
 e - a +2 pair of gloves of archery (worn)
 l - a +2 cloak of softness (worn)
 y - the +15 Maxwell's patent armour (worn) {-Cast -Tele rElec MR+ rCorr}
   (You took it off a war gargoyle on level 5 of the Vaults)

   It insulates you from electricity.
   It affects your resistance to hostile enchantments.
   It prevents spellcasting.
   It prevents most forms of teleportation.
   It provides partial protection from all sources of acid and corrosion.
 E - a +2 pair of boots of stealth (worn)
 O - a +2 helmet of improved vision (worn)
Jewellery
 f - the ring "Ustrany" {rElec Str+5 Dex+4}
   (You found it on level 3 of the Lair of Beasts)

   [ring of strength]

   It affects your strength (+5).
   It affects your dexterity (+4).
   It insulates you from electricity.
 m - a ring of protection (right hand)
 B - an amulet of the acrobat (around neck)
 I - an uncursed amulet of reflection
 N - a cursed amulet of guardian spirit {(Curse: MR-)}
 Q - a ring of evasion (left hand)
 S - an uncursed ring of strength
Wands
 n - a wand of ensnaring (27)
 o - a wand of polymorph (59)
 s - a wand of iceblast (43)
 D - a wand of enslavement (13)
 G - a wand of clouds (3)
 H - a wand of disintegration (3)
 K - a wand of flame (90)
 M - a wand of acid (10)
 P - a wand of scattershot (8)
Scrolls
 h - 10 scrolls of fog
 p - 17 scrolls of teleportation
 r - 12 scrolls of fear
 t - 2 scrolls of holy word
 u - a scroll of magic mapping
 v - 4 scrolls of enchantment
 C - 5 scrolls of blinking
 J - 4 scrolls of summoning
Potions
 a - 31 potions of curing
 d - 6 potions of invisibility
 i - 4 potions of ambrosia
 j - 6 potions of agility
 k - 13 potions of might
 q - 2 potions of cancellation
 w - 6 potions of mutation
 x - 3 potions of resistance
 z - 13 potions of heal wounds
 F - 3 potions of magic
Miscellaneous
 g - a lantern of shadows
 A - a lamp of fire
 L - 3 phantom mirrors
 R - 2 boxes of beasts
Comestibles
 b - 65 rations


   Skills:
 + Level 23.0(22.2) Fighting
 O Level 27(26.1) Crossbows
 + Level 23.3(22.5) Armour
 + Level 23.0(22.1) Dodging
 + Level 23.0(22.2) Stealth
 - Level 1.3(0.8) Spellcasting
 + Level 19.1(18.3) Invocations
 + Level 11.0(10.3) Evocations


You had 28 spell levels left.
You didn't know any spells.
Your spell library contained the following spells:

 Spells                   Type           Power        Failure   Level  Hunger
 Flame Tongue             Fire           1 (30)       24%         1    ##.....
 Freeze                   Ice            1 (25)       24%         1    ##.....
 Infusion                 Chrm           1 (25)       24%         1    ##.....
 Poisonous Vapours        Pois/Air       1 (50)       24%         1    ##.....
 Summon Small Mammal      Summ           1 (25)       24%         1    ##.....
 Blink                    Tloc           N/A          36%         2    ###....
 Call Imp                 Summ           1 (100)      36%         2    ###....
 Corpse Rot               Tmut/Necr      N/A          36%         2    ###....
 Shroud of Golubria       Chrm/Tloc      1 (200)      36%         2    ###....
 Slow                     Hex            1 (100)      36%         2    ###....
 Song of Slaying          Chrm           1 (100)      36%         2    ###....
 Sting                    Pois           1 (25)       36%         2    ###....
 Sublimation of Blood     Necr           1 (200)      36%         2    ###....
 Throw Frost              Ice            1 (50)       36%         2    ###....
 Call Canine Familiar     Summ           1 (100)      58%         3    ####...
 Conjure Flame            Fire           1 (100)      58%         3    ####...
 Ignite Poison            Fire/Tmut      1 (100)      58%         3    ####...
 Mephitic Cloud           Pois/Air       1 (100)      58%         3    ####...
 Ozocubu's Armour         Chrm/Ice       1 (100)      58%         3    ####...
 Portal Projectile        Chrm/Tloc      1 (50)       58%         3    ####...
 Pryten's Skeletal Upris  Chrm/Necr      1 (200)      58%         3    ####...
 Recall                   Summ/Tloc      N/A          58%         3    ####...
 Regeneration             Chrm/Necr      1 (200)      58%         3    ####...
 Spectral Weapon          Chrm/Summ      1 (100)      58%         3    ####...
 Static Discharge         Air            1 (100)      58%         3    ####...
 Hailstorm                Ice            1 (100)      94%         4    #####..
 Ice Form                 Ice/Tmut       1 (100)      94%         4    #####..
 Leda's Liquefaction      Tmut/Erth      1 (200)      94%         4    #####..
 Olgreb's Toxic Radiance  Pois           1 (100)      94%         4    #####..
 Petrify                  Tmut/Erth      1 (100)      94%         4    #####..
 Still Winds              Hex/Air        1 (200)      94%         4    #####..
 Summon Ice Beast         Ice/Summ       1 (100)      94%         4    #####..
 Throw Icicle             Ice            1 (100)      94%         4    #####..
 Aura of Abjuration       Summ           1 (200)      100%        5    ######.
 Bolt of Draining         Necr           1 (200)      100%        5    ######.
 Bolt of Magma            Fire/Erth      1 (200)      100%        5    ######.
 Excruciating Wounds      Chrm/Necr      1 (200)      100%        5    ######.
 Fireball                 Fire           1 (200)      100%        5    ######.
 Iskenderun's Battlesphe  Chrm/Erth      1 (100)      100%        5    ######.
 Lightning Bolt           Air            1 (200)      100%        5    ######.
 Silence                  Hex/Air        1 (200)      100%        5    ######.
 Summon Forest            Summ/Erth      1 (200)      100%        5    ######.
 Summon Lightning Spire   Summ/Air       1 (100)      100%        5    ######.
 Summon Mana Viper        Summ/Pois      1 (100)      100%        5    ######.
 Agony                    Necr           1 (180)      100%        6    #######
 Bolt of Cold             Ice            1 (200)      100%        6    #######
 Bolt of Fire             Fire           1 (200)      100%        6    #######
 Conjure Ball Lightning   Air            1 (200)      100%        6    #######
 Deflect Missiles         Chrm/Air       1 (200)      100%        6    #######
 Freezing Cloud           Ice/Air        1 (200)      100%        6    #######
 Invisibility             Chrm           1 (100)      100%        6    #######
 Iron Shot                Erth           1 (200)      100%        6    #######
 Ozocubu's Refrigeration  Ice            1 (200)      100%        6    #######
 Ring of Flames           Chrm/Fire      1 (200)      100%        6    #######
 Shadow Creatures         Summ           N/A          100%        6    #######
 Simulacrum               Ice/Necr       1 (200)      100%        6    #######
 Starburst                Fire           1 (200)      100%        6    #######
 Statue Form              Tmut/Erth      1 (150)      100%        6    #######
 Tunneling                Erth           1 (200)      100%        6    #######
 Iskenderun's Icy Sphere  Ice            1 (200)      100%        7    #######
 Spellforged Servitor     Summ           1 (200)      100%        7    #######
 Ignition                 Fire           1 (200)      100%        8    #######
 Shatter                  Erth           1 (200)      100%        9    #######
 Tornado                  Air            1 (200)      100%        9    #######


Dungeon Overview and Level Annotations

Branches:
Dungeon (8/8)              Temple (1/1) D:4            Lair (6/6) D:5
  Swamp (4/4) Lair:4       Spider (4/4) Lair:4        Slime (0/5) Lair:5
    Orc (2/2) D:6             Elf (0/3) Orc:2        Vaults (5/5) D:7
 Depths (5/5) D:8             Zot (5/5) Depths:5      IceCv (visited)
  Crypt: Vaults:2-3

Altars:
Ashenzari
Cheibriados
Dithmenos
Elyvilon
Fedhas Madash
Gozag Ym Sagoz
Hepliaklqana
Kikubaaqudgha
Makhleb
Nemelex Xobeh
Okawaru
Qazlal
Ru
Sif Muna
Trog
Uskayaw
Vehumet
Wu Jian
Zin
The Shining One
Jiyva

Shops:
Orc:2 [}![   Vaults:3 !   Zot:3 *

Portals:
Hell: Depths:2 Depths:3


Innate Abilities, Weirdness & Mutations

Your stats never grow through leveling.
Your goblin ancestry allows you to find more gold. (+20%)
You are small and have problems with some larger weapons.
Your magical capacity is low. (-10% MP)
You are somewhat resistant to further mutation.
The pity of the gods increases the power of your passive and invoked divine abilities.


Message History

(N) Spider Nest (M) Slime Pits (O) Orcish Mines (E) Elven Halls (V) Vaults (U) Depths (H) Hell (Z) Zot
Where to? (Enter - D:1 @ (x,y), ? - help)
A glowing orange brain comes into view.
Aiming:
c - a +9 triple crossbow of molten steel, Range: 5 (125%)
Press: ? - help, Shift-Dir - straight line, f - glowing orange brain
Aim: a glowing orange brain (healthy (53/53))
You shoot a triplet of bolts.
The triplet of bolts hits the glowing orange brain (38)!!!
The triplet of bolts burns the glowing orange brain (38)!!!
You kill the glowing orange brain!
Cheibriados thoroughly appreciates the change of pace.
(D) Dungeon (T) Temple (L) Lair (S) Swamp (N) Spider Nest (M) Slime Pits (O) Orcish Mines (E) Elven Halls (V) Vaults (U) Depths (H) Hell (Z) Zot
Where to? (Enter - D:1 @ (x,y), ? - help)
You see here a +0 leather armour.
HP restored.
There is a staircase leading out of the dungeon here.
You have escaped!

.# #......#...#.....# #.#
#.# .#
#......#♣[♣#.....###.# #.#
.#
#......#♣.♣#.........###.#
.#
#......#♣.♣####..........#
.# #......#♣.♣#
#.....###### .#
#......#♣.♣# #..........#
.# ########♣.♣#
###.######.# .#### #♣.♣#
#.##...... ....#
#♣@♣######.##?###.# ....#
#♣.♣#.......#.#...# ....#
#♣.♣#.#######.#.### ....#
#♣.♣#.# #.#.... ....#
#♣.♣#.# #.##### ....#
#♣.♣#.# #.# ....#
#♣.♣#.#######.##### ....#
#♣.♣#.......#...... #####
#...#.#####.#######


There were no monsters in sight!

Vanquished Creatures
  3 ancient liches
  3 orbs of fire (Zot:5)
  5 Killer Klowns (Zot:5)
  Bai Suzhen (Swamp:3)
  2 greater mummies (Depths:3)
  9 golden dragons
  Nikola (Swamp:1)
  2 electric golems (Zot:5)
  Rupert (Lair:3)
  3 titans (Vaults:5)
  A lich (Depths:2)
  Asterion (Depths:1)
  15 caustic shrikes
  A quicksilver dragon (Zot:5)
  A juggernaut (Depths:5)
  10 shadow dragons
  2 sphinxes (Vaults:5)
  11 storm dragons
  A tentacled starspawn (Abyss:5)
  A tengu reaver (Depths:5)
  2 draconian monks
  A thorn hunter (Swamp:2)
  5 draconian knights
  2 war gargoyles (Vaults:5)
  11 fire giants
  Louise (D:7)
  12 vault wardens
  2 bone dragons (Depths:5)
  3 orc warlords
  2 balrugs
  10 frost giants
  4 draconian shifters
  2 draconian stormcallers
  8 ghost moths
  A deep elf sorcerer (Depths:5)
  Roxanne (D:7)
  5 draconian sharpshooters
  2 platinum draconians (Depths:5)
  the Lernaean hydra (Swamp:4)
  25 Orb Guardians (Zot:5)
  3 draconian scorchers
  7 ironheart preservers
  The ghost of Aviun the Unseen, an adept SpEn of Kikubaaqudgha (Spider:3)
  2 deep elf elementalists
  A blue draconian (Zot:5)
  3 draconian annihilators
  A teal draconian (Depths:5)
  3 silver draconians
  A pearl draconian (Depths:5)
  A red draconian (Zot:5)
  4 entropy weavers
  2 golden draconians
  3 purple draconians
  5 death cobs
  A green draconian (Zot:5)
  4 blood draconians
  A white draconian (Zot:1)
  The ghost of Beorghan the Disciplinarian, an adept MiBe of Trog (Spider:3)
  A cyan draconian (Zot:5)
  A deep elf annihilator (Vaults:5)
  The ghost of Vubreenic the Markscentaur, an adept CeHu of Okawaru (Spider:3)
  2 scintillating draconians
  5 spark wasps
  3 bone draconians
  5 deep elf demonologists
  2 lime draconians
  3 fire dragons
  12 tentacled monstrosities
  4 chaos butterflies
  A green death (Depths:5)
  2 mummy priests
  7 ice dragons
  4 deep elf high priests (Vaults:5)
  4 emperor scorpions
  Josephine (Lair:4)
  4 rakshasas
  A spriggan air mage (Depths:2)
  2 deep troll shamans
  8 ogre magi
  3 ghost crabs
  8 boulder beetles
  A death knight (Vaults:5)
  5 great orbs of eyes
  16 very ugly things
  4 catoblepae
  6 sphinx moths
  5 deep troll earth magi (Depths:5)
  A vampire mage (Depths:2)
  A swooping magpie (shapeshifter) (D:8)
  22 alligators
  3 spriggan berserkers (Depths:5)
  A spriggan defender (Depths:5)
  2 hell hogs (Abyss:5)
  16 stone giants
  3 deep elf knights (Vaults:3)
  7 orc high priests (Orc:2)
  2 swooping magpies
  16 ettins
  A hell knight (Depths:5)
  5 unseen horrors
  15 yaktaur captains
  2 unseen horrors (shapeshifter)
  35 vault guards
  4 wretched stars (Abyss:5)
  Sonja (D:5)
  A shadow demon (D:1)
  2 spriggan druids (Swamp:3)
  The ghost of t4s4d4r the Grappler, a novice DrDs (D:5)
  32 two-headed ogres
  11 balloon dogs (Zot:5)
  5 tengu warriors
  4 phantasmal warriors (Vaults:5)
  11 swamp dragons
  3 dancing weapons (Vaults:5)
  A deep elf archer (Vaults:4)
  23 hydras
  10 ironbrand convokers
  5 glowing orange brains
  2 shadow wraiths
  5 lindwurms
  6 wizards
  4 shambling mangroves
  16 orc knights
  A glowing orange brain (shapeshifter) (Vaults:5)
  A flayed ghost (Abyss:5)
  3 skeletal warriors (Vaults:1)
  8 centaur warriors
  12 orb spiders
  3 sun demons
  7 necromancers
  24 deep trolls
  8 death yaks (Lair:6)
  2 guardian serpents (shapeshifter)
  2 rock worms
  An orb spider (shapeshifter) (Vaults:1)
  2 sixfirhies (Abyss:5)
  Pikel (D:2)
  7 deep elf magi
  A shining eye (shapeshifter) (Vaults:5)
  2 manticores
  2 small abominations (Abyss:5)
  20 moths of wrath
  A salamander (shapeshifter) (Vaults:5)
  31 giraffes
  3 gargoyles
  A molten gargoyle (Depths:1)
  9 orc sorcerers
  11 vault sentinels
  A naga mage (D:8)
  A water nymph (shapeshifter) (Depths:2)
  An ice statue (IceCv)
  5 iron trolls
  9 black mambas
  5 starcursed masses (Abyss:5)
  2 hellions
  12 freezing wraiths
  32 ugly things
  22 spiny frogs
  A boulder beetle zombie (Vaults:1)
  2 kobold demonologists
  An efreet (Zot:2)
  A tengu zombie (Depths:3)
  A tormentor (Abyss:5)
  32 yaktaurs
  5 meliai (Abyss:5)
  15 trolls
  16 wolf spiders
  5 rime drakes
  A shadow dragon zombie (Depths:3)
  8 guardian mummies
  12 komodo dragons
  3 red devils
  18 bog bodies
  18 tyrant leeches
  2 tengu conjurers (Depths:3)
  A sphinx zombie (Depths:1)
  20 jumping spiders
  A polar bear (Lair:3)
  A frost giant zombie (Depths:4)
  29 hornets
  9 demonic crawlers
  A queen bee (Abyss:5)
  7 blink frogs
  A stone giant skeleton (Depths:1)
  A fire giant skeleton (Depths:3)
  A spriggan zombie (Depths:3)
  A storm dragon zombie (Depths:4)
  6 wraiths
  A yaktaur zombie (Vaults:1)
  A vampire (D:8)
  A hippogriff (D:5)
  8 spriggans
  2 steam dragons
  4 cyclopes
  2 shadows
  A storm dragon skeleton (Depths:3)
  23 yaks
  A spark wasp zombie (Depths:3)
  Menkaure (D:2)
  A fire giant simulacrum (Vaults:1)
  An elf zombie (Depths:3)
  7 water elementals (Depths:1)
  2 hydra skeletons (Lair:3)
  A fire dragon zombie (Depths:1)
  15 tarantellas
  8 wyverns
  5 basilisks
  2 acid dragons
  16 slime creatures
  Edmund (D:2)
  A deep troll zombie (Depths:1)
  A hungry ghost (D:6)
  39 redbacks
  29 swamp worms
  16 vampire mosquitoes
  A wolf spider zombie (D:7)
  61 orc warriors
  4 insubstantial wisps (Swamp:3)
  2 spriggan skeletons
  A phantom (D:6)
  10 wargs
  2 storm dragon simulacra
  3 necrophages
  6 scorpions
  12 porcupines
  15 water moccasins
  3 hell hounds (Zot:3)
  19 swamp drakes
  3 sky beasts
  3 black bears
  An ettin simulacrum (Depths:1)
  16 ice beasts
  An elephant zombie (Lair:3)
  Ijyb (D:2)
  An eye of draining (D:6)
  A redback zombie (D:7)
  30 ogres
  4 boggarts (Depths:3)
  16 crocodiles
  13 wolves
  An elephant skeleton (Lair:3)
  2 rock worm zombies
  A komodo dragon zombie (Lair:3)
  12 big kobolds
  A big kobold (shapeshifter) (Vaults:5)
  A swooping magpie skeleton (Lair:3)
  19 bullfrogs
  A human skeleton (Vaults:1)
  A polar bear zombie (Lair:3)
  A black mamba zombie (Lair:3)
  3 gnoll sergeants (D:6)
  A harpy zombie (D:7)
  7 centaurs
  2 meliai zombies (D:7)
  3 harpy skeletons (D:7)
  2 human simulacra
  3 draconian simulacra (IceCv)
  A black mamba skeleton (Lair:3)
  A spiny frog skeleton (Lair:3)
  2 howler monkeys
  3 polar bear simulacra (IceCv)
  11 killer bees
  2 spriggan simulacra (IceCv)
  4 quasits (D:5)
  19 electric eels
  A wight (D:6)
  A harpy simulacrum (D:8)
  A meliai simulacrum (D:7)
  6 troll simulacra (IceCv)
  A crimson imp (D:3)
  2 hornet zombies
  3 blink frog skeletons (Lair:3)
  2 hounds
  A gnoll shaman (D:5)
  30 orc priests
  14 jellies
  2 iguanas
  19 orc wizards
  11 worker ants
  3 wyvern zombies
  4 wyvern skeletons
  5 naga simulacra (IceCv)
  2 ogre simulacra (IceCv)
  10 giant cockroaches
  3 bullfrog zombies
  A wolf skeleton (Lair:3)
  4 bullfrog skeletons
  11 gnolls
  A shadow imp (D:3)
  10 adders
  2 centaur simulacra (IceCv)
  38 sewer rats (D:2)
  12 white imps (IceCv)
  A wolf simulacrum (IceCv)
  10 cinder newts
  7 worms
  5 oozes (D:2)
  A hound skeleton (D:5)
  14 leopard geckos
  103 orcs
  An adder skeleton (D:2)
  An adder zombie (D:5)
  3 ball pythons
  A cinder newt skeleton (D:2)
  4 goblins (D:1)
  6 quokkas
  7 bats
  A bat skeleton (D:2)
  18 kobolds
  2 leopard gecko skeletons
  A quokka skeleton (D:3)
  5 rats (D:1)
  2 butterflies (D:5)
  5 fungi
  3 giant blowflies (D:2)
  15 plants
  9 rainbow trout
  3 slaves (D:2)
  2 slimeheads (D:2)
  4 withered plants (D:2)
2048 creatures vanquished.

Vanquished Creatures (others)
  A silver draconian (Zot:5)
  2 fungi
  28 giant blowflies
  6 plants
  32 rainbow trout
  124 withered plants (D:2)
193 creatures vanquished.

Grand Total: 2241 creatures vanquished

Notes
Turn   | Place    | Note
-------+----------+-------------------------------------------
     0 | Start Ma | esc the Goblin Noble began the quest for the Orb.
     0 | Start Ma | Reached XP level 1. HP: 13/13 MP: 1/1
     0 | Start Ma | Found Iruwuhao's Expert Tomes.
     0 | Start Ma | Found Mounos's Auxillary Armour.
     6 | Start Ma | Bought a +0 triple crossbow for 400 gold pieces
    17 | Start Ma | Found Vaghecwish's Mashing MeleeMart.
    64 | Start Ma | Bought a scroll of enchantment for 120 gold pieces
    69 | Start Ma | Bought a +0 pair of gloves of archery for 230 gold pieces
    84 | Start Ma | Bought a +0 troll leather for 240 gold pieces
   109 | D:1      | esc set off with the following items: a ration, a +1 triple
                  | crossbow, a +0 pair of gloves of archery, a +0 troll
                  | leather
   122 | D:1      | Reached skill level 1 in Crossbows
   194 | D:1      | Reached skill level 2 in Crossbows
   194 | D:1      | Reached XP level 2. HP: 18/18 MP: 2/2
   299 | D:1      | Reached skill level 3 in Crossbows
   299 | D:1      | Reached XP level 3. HP: 20/23 MP: 3/3
   410 | D:1      | Reached skill level 13 in Crossbows
   410 | D:1      | Reached XP level 4. HP: 28/28 MP: 4/4
   927 | D:2      | Reached XP level 5. HP: 33/33 MP: 5/5
   952 | D:2      | Reached skill level 1 in Armour
   952 | D:2      | Reached skill level 1 in Dodging
   962 | D:2      | Noticed Edmund
   964 | D:2      | Killed Edmund
   964 | D:2      | Reached XP level 6. HP: 41/41 MP: 6/6
   974 | D:2      | Reached XP level 7. HP: 45/45 MP: 7/7
  1155 | D:2      | Noticed Menkaure
  1156 | D:2      | Killed Menkaure
  1158 | D:2      | Reached XP level 8. HP: 54/54 MP: 8/8
  1178 | D:2      | Reached skill level 14 in Crossbows
  1190 | D:2      | Noticed Ijyb
  1191 | D:2      | Killed Ijyb
  1198 | D:2      | Identified the cursed ring "Fisasch" {rElec MR+ Str+2,
                  | (Curse: *Corrode *Drain Fragile)}
  1236 | D:2      | Found a hide-covered altar of Uskayaw.
  1423 | D:2      | Noticed Pikel
  1424 | D:2      | Killed Pikel
  1424 | D:2      | Reached skill level 5 in Fighting
  1424 | D:2      | Reached skill level 5 in Armour
  1424 | D:2      | Reached skill level 5 in Dodging
  1424 | D:2      | Reached XP level 9. HP: 61/61 MP: 8/8
  3156 | D:4      | Reached XP level 10. HP: 69/69 MP: 9/9
  3398 | D:4      | Found a staircase to the Ecumenical Temple.
  3407 | Temple   | Entered the Ecumenical Temple
  3703 | Temple   | Became a worshipper of Cheibriados the Contemplative
  3810 | D:4      | Reached skill level 15 in Crossbows
  4170 | D:5      | Entered Level 5 of the Dungeon
  4172 | D:5      | Found a hazy altar of Hepliaklqana.
  4190 | D:5      | Reached * piety under Cheibriados
  4191 | D:5      | Reached skill level 1 in Invocations
  4363 | D:5      | Reached ** piety under Cheibriados
  4414 | D:5      | Reached XP level 11. HP: 78/78 MP: 11/11
  4489 | D:5      | Noticed a two-headed ogre
  4490 | D:5      | Killed a two-headed ogre
  4490 | D:5      | Reached skill level 5 in Invocations
  4515 | D:5      | Found a transporter.
  4515 | D:5      | Noticed t4s4d4r's ghost (novice DrDs)
  4523 | D:5      | Found a transporter.
  4534 | D:5      | Killed t4s4d4r's ghost
  4805 | D:5      | Reached *** piety under Cheibriados
  4881 | D:5      | Noticed Sonja
  4882 | D:5      | Killed Sonja
  4914 | D:5      | Reached skill level 16 in Crossbows
  4947 | D:5      | Reached skill level 10 in Fighting
  5007 | D:5      | Found a staircase to the Lair.
  5274 | Lair:1   | Entered Level 1 of the Lair of Beasts
  5278 | Lair:1   | Reached **** piety under Cheibriados
  5298 | Lair:1   | Reached skill level 10 in Dodging
  5424 | Lair:1   | Reached XP level 12. HP: 88/88 MP: 13/14
  5883 | Lair:1   | Reached ***** piety under Cheibriados
  6387 | Lair:2   | Noticed a catoblepas
  6388 | Lair:2   | Killed a catoblepas
  6442 | Lair:2   | Identified the cursed +8 staff of Pazide {energy, death;
                  | *Drain rN+ Int+6, (Curse: *Tele)}
  6661 | Lair:2   | Noticed a boulder beetle
  6662 | Lair:2   | Killed a boulder beetle
  6941 | Lair:3   | Noticed a swooping magpie
  6944 | Lair:3   | Killed a swooping magpie
  6944 | Lair:3   | Reached skill level 5 in Stealth
  6945 | Lair:3   | Reached XP level 13. HP: 66/95 MP: 17/17
  7008 | Lair:3   | Reached skill level 17 in Crossbows
  7034 | Lair:3   | Identified the cursed ring "Jyoliviz" {*Corrode Str+5 Int+2
                  | Slay+2, (Curse: Fragile)}
  7057 | Lair:3   | Identified the ring "Ustrany" {rElec Str+5 Dex+4}
  7060 | Lair:3   | Noticed a mummy priest
  7061 | Lair:3   | Killed a mummy priest
  7061 | Lair:3   | Reached skill level 10 in Invocations
  7500 | Lair:3   | Noticed Rupert
  7501 | Lair:3   | Killed Rupert
  7504 | Lair:3   | Reached ****** piety under Cheibriados
  8300 | Lair:4   | Reached XP level 14. HP: 104/104 MP: 19/19
  8307 | Lair:4   | Found a hole to the Spider Nest.
  8501 | Lair:4   | Noticed Josephine
  8502 | Lair:4   | Killed Josephine
  8645 | Lair:4   | Found a staircase to the Swamp.
  9122 | Lair:5   | Reached skill level 18 in Crossbows
  9176 | Lair:5   | Reached skill level 10 in Armour
  9256 | Lair:5   | Found a staircase to the Slime Pits.
  9261 | Lair:5   | Found a viscous altar of Jiyva.
  9782 | Lair:6   | Entered Level 6 of the Lair of Beasts
  9804 | Lair:6   | Reached skill level 10 in Stealth
 10035 | Lair:6   | Reached XP level 15. HP: 112/112 MP: 19/19
 10054 | Lair:6   | Identified the +5 staff of the Equinox {warp, earth; AC+5
                  | Int+3 Stlth+}
 10299 | Lair:6   | Identified the cursed +6 heater shield of Cicsasi {Dex+2,
                  | (Curse: *Drain)}
 11032 | D:6      | Identified the cursed ring "Amodereo" {rElec rC- rN++ MP+9
                  | Stlth+, (Curse: Fragile rF-)}
 11151 | D:6      | Identified the +3 ring mail of the Monkey's Uncle {MR++
                  | rCorr}
 11328 | D:6      | Found a staircase to the Orcish Mines.
 11467 | D:6      | Found an ornate altar of the Wu Jian Council.
 11600 | D:7      | Found a radiant altar of Vehumet.
 11656 | D:7      | Found a sparkling altar of Nemelex Xobeh.
 11731 | D:7      | Reached skill level 19 in Crossbows
 11742 | D:7      | Reached XP level 16. HP: 109/120 MP: 20/20
 11750 | D:7      | Found a gate to the Vaults.
 11811 | D:7      | Found a blossoming altar of Fedhas.
 11829 | D:7      | Reached skill level 15 in Fighting
 11964 | D:7      | Noticed Louise
 11969 | D:7      | Killed Louise
 11974 | D:7      | Identified Roxanne's Grimoire of Fire
 11974 | D:7      | Noticed Roxanne
 11977 | D:7      | Killed Roxanne
 12439 | D:8      | Entered Level 8 of the Dungeon
 12449 | D:8      | Found a burning altar of Makhleb.
 12454 | D:8      | Reached skill level 15 in Dodging
 13085 | D:8      | Found a staircase to the Depths.
 13369 | Orc:1    | Entered Level 1 of the Orcish Mines
 13678 | Orc:2    | Entered Level 2 of the Orcish Mines
 13679 | Orc:2    | Identified the cursed ring of Utoso {rPois MR+ AC+5 Str+3,
                  | (Curse: Fragile rC-)}
 13903 | Orc:2    | Found a staircase to the Elven Halls.
 14053 | Orc:2    | Reached XP level 17. HP: 116/129 MP: 21/21
 14066 | Orc:2    | Found a frozen archway.
 14091 | IceCv    | Entered an ice cave
 14204 | IceCv    | Found an ancient bone altar of Kikubaaqudgha.
 14327 | IceCv    | Identified the +1 pair of gloves of Saecwust {rElec rN+ MR-
                  | Stlth+}
 14509 | Orc:2    | Reached skill level 20 in Crossbows
 14730 | Orc:2    | Found Mukhlur's Distillery.
 14733 | Orc:2    | Found Quamung's Gadget Boutique.
 14734 | Orc:2    | Found Foniypobeg's Armour Shop.
 14735 | Orc:2    | Found Sireigay's Armour Shop.
 15144 | Swamp:1  | Entered Level 1 of the Swamp
 15246 | Swamp:1  | Identified the cursed +1 pair of gloves "Tokuir" {rElec
                  | MP+9 Int-3 Stlth+, (Curse: Fragile)}
 15246 | Swamp:1  | Noticed Nikola
 15248 | Swamp:1  | Killed Nikola
 15390 | Swamp:2  | Identified the cursed ring "Welisur" {rElec rF+ MP+9,
                  | (Curse: Fragile)}
 15391 | Swamp:2  | Reached skill level 15 in Stealth
 15399 | Swamp:2  | Reached XP level 18. HP: 137/137 MP: 22/22
 15549 | Swamp:3  | Noticed Bai Suzhen
 15551 | Swamp:3  | Killed Bai Suzhen
 15711 | Swamp:3  | Reached skill level 15 in Armour
 16235 | Swamp:4  | Entered Level 4 of the Swamp
 16334 | Swamp:4  | Noticed the 27-headed Lernaean hydra
 16335 | Swamp:4  | Killed the 27-headed Lernaean hydra
 16363 | Swamp:4  | Got a decaying rune of Zot
 16391 | Swamp:4  | Reached skill level 21 in Crossbows
 16465 | Swamp:4  | Reached XP level 19. HP: 145/145 MP: 23/23
 16970 | Spider:1 | Entered Level 1 of the Spider Nest
 17376 | Spider:3 | Found a runed translucent gate.
 17380 | Spider:3 | Noticed Vubreenic's ghost (adept CeHu)
 17397 | Spider:3 | Found a runed translucent gate.
 17397 | Spider:3 | Noticed Beorghan's ghost (adept MiBe)
 17398 | Spider:3 | Identified a scroll of acquirement
 17399 | Spider:3 | Noticed Aviun's ghost (adept SpEn)
 17400 | Spider:3 | Identified the cursed +7 short sword of Ashenzari {venom,
                  | Fragile +Rage Int+6 Dex+3, (Curse: *Slow)}
 17411 | Spider:3 | Found a runed translucent gate.
 17424 | Spider:3 | Killed Aviun's ghost
 17430 | Spider:3 | Killed Vubreenic's ghost
 17434 | Spider:3 | Killed Beorghan's ghost
 17579 | Spider:4 | Entered Level 4 of the Spider Nest
 17742 | Spider:4 | Got a gossamer rune of Zot
 18119 | Vaults:1 | Entered Level 1 of the Vaults
 18150 | Vaults:1 | Reached XP level 20. HP: 154/154 MP: 24/24
 18826 | Vaults:3 | Found Fannoeci's Distillery.
 18835 | Vaults:3 | Bought a potion of cancellation for 144 gold pieces
 18835 | Vaults:3 | Bought a potion of heal wounds for 90 gold pieces
 18946 | Vaults:3 | Reached skill level 22 in Crossbows
 19157 | Vaults:3 | Identified the cursed ring "Veaklis" {Wiz *Slow rC+ +Vis,
                  | (Curse: Fragile)}
 19464 | Vaults:4 | Reached skill level 23 in Crossbows
 19546 | Vaults:4 | Identified the cursed ring "Locos" {rPois rN+ Str+2 Int+2
                  | Slay+5, (Curse: Fragile)}
 19549 | Vaults:4 | Reached XP level 21. HP: 151/162 MP: 25/25
 19613 | Vaults:5 | Entered Level 5 of the Vaults
 19617 | Vaults:5 | Reached skill level 24 in Crossbows
 19743 | Vaults:5 | Noticed a golden dragon
 19744 | Vaults:5 | Killed a golden dragon
 19744 | Vaults:5 | Reached skill level 25 in Crossbows
 19756 | Vaults:5 | Identified the +6 targe of Conscience {acid, MR++ Int+3
                  | Dex-3}
 19815 | Vaults:5 | Identified the cursed +11 heater shield of Obamuast {rElec
                  | Str-5 Dex+6, (Curse: rC- Int-2)}
 19834 | Vaults:5 | Identified the ring of Ulonaray {rPois Int+2 Dex+3 Stlth+}
                  | (You took it off a vault guard on level 5 of the Vaults)
 19907 | Vaults:5 | Reached skill level 26 in Crossbows
 19940 | Vaults:5 | Identified the cursed +9 mangonel "Worm" {velocity, rF+ MR+
                  | Dex+2, (Curse: -Vis)}
 19951 | Vaults:5 | Reached XP level 22. HP: 168/168 MP: 26/26
 20044 | Vaults:5 | Noticed a golden dragon
 20045 | Vaults:5 | Killed a golden dragon
 20051 | Vaults:5 | Reached skill level 27 in Crossbows
 20058 | Vaults:5 | Identified the +7 buckler of Huyd {+Blink rElec rF+}
 20115 | Vaults:5 | Identified the +0 ring mail of Ublen {rN+}
 20149 | Vaults:5 | Got a silver rune of Zot
 20357 | Vaults:5 | Identified the +0 chain mail "Nivaph" {Str+4}
 20594 | Vaults:5 | Identified the cursed ring "Ritiumel" {Wiz *Corrode rF++
                  | Str+6, (Curse: Fragile)}
 20712 | Vaults:5 | Noticed an ancient lich
 20713 | Vaults:5 | Killed an ancient lich
 21343 | Depths:1 | Entered Level 1 of the Depths
 21358 | Depths:1 | Reached XP level 23. HP: 140/174 MP: 28/28
 21424 | Depths:1 | Identified the +4 chain mail of Untruth {rF+ Int+2 Dex-3}
 21457 | Depths:1 | Identified the +4 great sword of Defence {freeze, Stlth+}
 21672 | Depths:2 | Found a gateway to Hell.
 21938 | Depths:5 | Entered Level 5 of the Depths
 21975 | Depths:5 | Identified the +8 triple crossbow "Imp's Nightmare" {elec,
                  | Int+2} (You acquired it on level 5 of the Depths)
 22027 | Depths:5 | Identified the cursed ring "Orghytash" {MR+ Int+5, (Curse:
                  | Fragile)}
 22148 | Depths:5 | Reached XP level 24. HP: 174/181 MP: 29/29
 22315 | Depths:5 | Noticed a golden dragon
 22324 | Depths:5 | Killed a golden dragon
 22339 | Depths:5 | Found a gate to the Realm of Zot.
 22490 | Zot:1    | Entered Level 1 of the Realm of Zot
 22501 | Zot:1    | Reached skill level 15 in Invocations
 22582 | Zot:2    | Identified the cursed ring "Lughoruecw" {*Drain rElec rC+
                  | Str+6 Stlth+, (Curse: Fragile)}
 23042 | Zot:2    | Reached XP level 25. HP: 166/189 MP: 30/30
 23148 | Zot:3    | Found Ymedishu's Changing Room.
 23326 | Zot:3    | Reached skill level 1 in Evocations
 23333 | Zot:3    | Identified the +5 chain mail "Zeiptih" {rPois Dex+3 +Vis}
 23448 | Zot:5    | Entered Level 5 of the Realm of Zot
 23803 | Zot:5    | Noticed an orb of fire
 23805 | Zot:5    | Killed an orb of fire
 23960 | Zot:5    | Reached skill level 5 in Evocations
 24080 | Zot:5    | Noticed an ancient lich
 24086 | Zot:5    | Killed an ancient lich
 24087 | Zot:5    | Reached XP level 26. HP: 188/198 MP: 30/31
 24147 | Zot:5    | Noticed a Killer Klown
 24148 | Zot:5    | Killed a Killer Klown
 24249 | Zot:5    | Noticed a Killer Klown
 24250 | Zot:5    | Noticed an ancient lich
 24252 | Zot:5    | Cast into level 5 of the Abyss (an ancient lich)
 24252 | Abyss:5  | Entered Level 5 of the Abyss
 24287 | Abyss:5  | Got an abyssal rune of Zot
 24305 | Abyss:5  | Found a corrupted altar of Lugonu.
 24391 | Zot:5    | Escaped the Abyss
 24393 | Zot:5    | Killed an ancient lich
 24393 | Zot:5    | Noticed a Killer Klown
 24397 | Zot:5    | Killed a Killer Klown
 24419 | Zot:5    | Killed a Killer Klown
 24580 | Zot:5    | Reached XP level 27. HP: 209/209 MP: 31/31
 24657 | Zot:5    | Noticed an orb of fire
 24658 | Zot:5    | Identified the Volume of the Arsonist
 24660 | Zot:5    | Killed an orb of fire
 24691 | Zot:5    | Got the Orb of Zot
 24729 | Zot:5    | Noticed a Killer Klown
 24732 | Zot:5    | Killed a Killer Klown
 24756 | Zot:5    | Noticed an orb of fire
 24758 | Zot:5    | Reached skill level 10 in Evocations
 24759 | Zot:5    | Killed an orb of fire
 24761 | Zot:5    | Killed a Killer Klown
 25026 | Depths:1 | Noticed Asterion
 25028 | Depths:1 | Killed Asterion
 25259 | D:$      | Escaped with the Orb!

Levels and vault maps discovered:
D:1:      eino_arrival_tree_alley, layout_basic, minmay_tromino_i4
D:2:      layout_sewer, yredelemnul_forgotten_temple_becter,
          eat_drink_and_be_merry_uskayaw, uniq_edmund, uniq_pikel,
          uniq_menkaure, uniq_ijyb
D:3:      layout_basic, first_ration
D:4:      layout_roguey, minmay_temple_entry_drinking_statues, grunt_ogre_cave
D:5:      layout_long_grid, lemuel_crystal_altar, erik_lair_dragon,
          gammafunk_ghost_stat_death, uniq_sonja
D:6:      layout_rooms, kennysheep_little_box,
          kennysheep_orc_monster_closet_entryway
D:7:      layout_loops_ring, marbit_many_paths, fedhas_altar_2,
          bcadren_lemuel_inverted_doored_altar,
          lightli_vaults_fourway_checkpoint, enter_ossuary_1, uniq_roxanne,
          uniq_louise
D:8:      grunt_enter_depths_magical_seal, layout_loops_corners,
          makhleb_altar_promises_db
Temple:   oiseaux_autumnal_temple
Lair:1:   layout_gridlike, grunt_megastairs_2
Lair:2:   layout_roguey, serial_bayou_shore_a
Lair:3:   ossuary_tomb_3, layout_small_grid, guppyfry_lair_drakes, uniq_rupert
Lair:4:   layout_gridlike, nicolae_swamp_entry_splash_gauntlet,
          nicolae_spider_entry_non_spiders, serial_rivers,
          chequers_serial_rivers_room_a, chequers_serial_rivers_large_b,
          chequers_serial_rivers_room_b, chequers_serial_rivers_room_a,
          chequers_serial_rivers_micro_c, minmay_lindwurm_lava, uniq_josephine
Lair:5:   layout_loops_ring, slime_altar_1, ldierk_geyser, beast_lair_carwin_11,
          lemuel_fruit_tree
Lair:6:   evilmike_catoblepas_cave, layout_long_grid, serial_bayou_pond_c,
          grunt_megastairs_4
Swamp:1:  layout_basic_swamp, evilmike_swamp_ruin_rubble_1, swamp_pool2,
          uniq_nikola
Swamp:2:  layout_falls_marsh, nicolae_swamp_dense_foliage, swamp_pool4
Swamp:3:  layout_basic_swamp, hangedman_swamp_ruin_wall, uniq_bai_suzhen
Swamp:4:  grunt_swamp_rune_castle, layout_basic_swamp
Spider:1: layout_spider_delve
Spider:2: layout_spider_delve, nicolae_spider_webbed_stairs
Spider:3: layout_spider_delve, gammafunk_ghost_cemetery, guppyfry_spider_mini_3,
          nicolae_spider_cling_ruins
Spider:4: spider_rune_water
Orc:1:    layout_diamond_mine
Orc:2:    st_orc_pillars, layout_diamond_mine, portal_ice_cave_entry_ice_beasts
Vaults:1: v_misc_14, ontoclasm_vaults_hangar, hangedman_vaults_slice,
          nicolae_vaults_little_squares_5, ontoclasm_vaults_idyll, v_pattern_4,
          v_misc_2, ontoclasm_vaults_bender, minmay_guarded_unrand_guard_vaults,
          v_misc_24, v_misc_23, hangedman_vaults_locks,
          nicolae_vaults_network_quinsquares
          [nicolae_vaults_network_quincunx_subvault,
          nicolae_vaults_network_quincunx_subvault,
          nicolae_vaults_network_quincunx_subvault,
          nicolae_vaults_network_quincunx_subvault],
          hangedman_vaults_river_flow, layout_vaults_maze_bifur
Vaults:2: ebering_vaults_ghost_inner_flame, grunt_vaults_hallway_short,
          nicolae_vaults_shelves_hall, vaults_room_large_hall,
          grunt_vaults_trifunnel, vaults_dpeg_spiral, vaults_room_ringed_pool,
          v_misc_25, nicolae_vaults_little_squares_1, grunt_vaults_funnel,
          v_misc_14, vaults_mumra_lcd, layout_vaults_omnicross
Vaults:3: hangedman_vaults_slither, nicolae_vaults_little_ls,
          ontoclasm_vaults_fault, v_misc_4, vaults_dpeg_diagonal,
          vaults_room_door_hall, nicolae_vaults_rhombus_5,
          layout_vaults_quadrants, serial_shops, nicolae_shop_crystal
Vaults:4: hangedman_vaults_maws, v_pattern_1, vaults_room_guarded_vault,
          v_misc_8, nicolae_vaults_mini_display_case, hangedman_vaults_cutoff,
          hangedman_vaults_snaps, v_misc_22, hangedman_vaults_impose,
          hangedman_vaults_cutoff, hangedman_vaults_impose, layout_vaults_ring,
          portal_desolation_entry_salt, uniq_boris, uniq_frederick
Vaults:5: serial_shops
Depths:1: layout_big_octagon, hangedman_abyss_entry_splay,
          nicolae_lava_and_water, serial_column_ruins, column_ruins_hut,
          column_ruins_hut, column_ruins_corridor_corner,
          column_ruins_corridor_water, column_ruins_corridor_T,
          column_ruins_columns_corner, grunt_hell_entry_dis_grunt,
          chequers_serial_rivers_micro_c, kennysheep_treasure_room,
          uniq_asterion
Depths:2: minmay_quantized_circle, layout_basic, serial_shops, shop, hell_entry,
          chequers_serial_rivers_small_a, infiniplex_staircase_trident,
          serial_bayou_shore_b
Depths:3: minmay_guarded_unrand_sceptre_of_torment, layout_cave_shapes,
          grunt_pan_entry_spiral, hell_entry
Depths:4: minmay_outward_triangles, layout_gridville, enter_ziggurat_f,
          hell_entry, abyss_entry_small_statue_room,
          minmay_hollow_rounded_squares
Depths:5: grunt_x_marks_the_spot, layout_basic, hell_entry,
          ebering_dispersal_statue_hall, gammafunk_ghost_crypt,
          minmay_starry_boxes
Zot:1:    layout_onion_interference
Zot:2:    lemuel_halls_of_wrath, layout_misc_corridors
Zot:3:    layout_cathedral_of_symmetry, st_small_dragon_hoard_2,
          nicolae_transmutations_shop
Zot:4:    grunt_deathspiral_small, layout_concentric_octagons
Zot:5:    layout_gridville

Skill      XL: |  1  2  3  4  5  6  7  8  9 10 11 12 13 14 15 16 17 18 19 20 21 22 23 24 25 26 27 |
---------------+----------------------------------------------------------------------------------+-----
Crossbows      | 2 3 13 14 15 16 17 18 19 20 21 23 26 27 | 27.0
Armour         | 1 2 3 5 6 8 10 12 13 14 15 17 19 20 21 22 23 | 23.3
Dodging        | 2 3 5 6 8 10 11 12 13 14 15 16 17 18 19 20 21 22 23 | 23.0
Fighting       | 2 3 5 6 8 10 11 12 13 14 15 16 17 18 19 20 21 22 23 | 23.0
Invocations    | 4 7 9 11 12 14 15 17 18 19 | 19.1
Stealth        | 5 8 10 12 13 15 16 17 18 19 20 21 22 23 | 23.0
Evocations     | 5 9 11 | 11.0
Spellcasting   | |  1.3

Action                   |  1- 3 |  4- 6 |  7- 9 | 10-12 | 13-15 | 16-18 | 19-21 | 22-24 | 25-27 || total
-------------------------+-------+-------+-------+-------+-------+-------+-------+-------+-------++-------
 Fire: Triple crossbow   |    34 |    26 |   150 |   167 |   246 |   397 |   344 |   314 |   252 ||  1930
Invok: Step From Time    |       |       |       |       |       |       |       |       |     3 ||     3
  Use: Scroll            |     2 |     1 |       |     4 |     3 |     5 |     4 |     5 |     2 ||    26
       Potion            |     1 |       |       |       |       |       |     4 |     1 |     6 ||    12
  Eat: Chunk             |       |       |     8 |     2 |     2 |     4 |     7 |     1 |       ||    24
       Ration            |       |       |       |     2 |     2 |     1 |       |     2 |     1 ||     8
Armor: Troll leather     |    26 |       |    11 |    31 |       |       |       |       |       ||    68
       Scale mail        |       |       |       |     3 |    10 |       |       |       |       ||    13
       Ring mail         |       |       |       |       |     3 |    14 |    32 |     2 |       ||    51
       Plate armour      |       |       |       |       |       |       |       |    57 |   113 ||   170
Dodge: Dodged            |     5 |       |     4 |    20 |    32 |    64 |    50 |    63 |   111 ||   349
